Map: Oxide LE

Players

TYTY (TY)

  • Race: Terran Terran
  • Spawn Location: 1:00

ShoWTimE - Winner!

  • Race: Protoss Protoss
  • Spawn Location: 7:00

Event: IEM Katowice 2021

VOD

Have the link to the VOD?

Description

Time

  • Played on: Feb. 22, 2021, 11:40 a.m.
  • Length: 14:27

All games in this series

Show
View Real Time Build Order
Export as new Build Order

TYTY Terran 

Build Orders:  

Get SALT Encoding   

  12  0:00  SCV  
  13  0:12  SCV  
  14  0:17  Supply Depot  
  14  0:24  SCV  
  15  0:38  SCV  
  15  0:40  Barracks  
  16  0:43  Refinery  
  16  0:50  SCV  
  17  1:03  SCV  
  18  1:15  SCV  
  19  1:26  Marine  
  19  1:28  Orbital Command  
  20  1:41  Command Center  
  20  1:47  Barracks Reactor  
  20  1:53  Supply Depot  
  20  1:55  SCV  
  21  2:07  SCV  
  22  2:19  Command Center  
  23  2:23  Marine x2  
  23  2:27  SCV  
  25  2:37  Barracks  
  25  2:41  Marine x2  
  25  2:43  SCV  
  28  2:55  SCV  
  28  2:59  Marine x2  
  28  3:00  Orbital Command  
  30  3:08  SCV  
  31  3:16  Marine  
  31  3:17  Marine  
  31  3:18  Engineering Bay  
  33  3:20  SCV  
  33  3:26  SCV, Barracks Tech Lab  
  35  3:32  SCV  
  35  3:33  Orbital Command  
  36  3:34  Marine  
  36  3:38  Marine  
  38  3:43  SCV  
  38  3:44  Stimpack  
  38  3:45  Marine  
  38  3:46  SCV  
  41  3:51  Terran Infantry Weapons Level 1  
  41  3:54  Marine  
  41  3:55  SCV  
  43  3:58  SCV  
  43  4:02  Factory  
  44  4:03  SCV  
  44  4:06  Supply Depot  
  44  4:07  SCV  
  44  4:08  Marine  
  47  4:10  SCV  
  47  4:15  SCV, Marine  
  47  4:16  Missile Turret  
  50  4:19  SCV, Marine  
  50  4:23  SCV  
  52  4:27  Refinery  
  52  4:28  Marine, Refinery  
  52  4:30  SCV  
  54  4:31  SCV  
  54  4:33  Marine  
  54  4:36  Missile Turret  
  54  4:37  Marine  
  57  4:41  SCV  
  57  4:42  SCV  
  57  4:44  SCV  
  60  4:46  Marine  
  60  4:47  Supply Depot  
  60  4:49  Starport  
  61  4:53  SCV, Refinery  
  61  4:55  SCV, Factory Reactor  
  61  4:57  Marine  
  61  4:58  SCV, Marine  
  65  5:01  Orbital Command  
  65  5:05  SCV  
  65  5:06  Marine  
  68  5:13  SCV  
  68  5:14  Supply Depot  
  68  5:15  Marine x2  
  68  5:17  SCV  
  71  5:25  SCV  
  71  5:27  Marine  
  71  5:28  SCV  
  74  5:29  SCV  
  74  5:30  Combat Shield  
  74  5:33  Marine  
  75  5:37  SCV  
  75  5:40  Supply Depot x2  
  75  5:41  Factory Tech Lab  
  75  5:42  Medivac x2, Barracks  
  80  5:43  SCV  
  80  5:45  Marine  
  80  5:46  SCV, Barracks  
  80  5:49  SCV, Barracks, Missile Turret  
  84  5:55  SCV  
  85  6:02  SCV x2, Siege Tank  
  90  6:06  Terran Infantry Armor Level 1  
  90  6:07  SCV, Supply Depot  
  90  6:08  Supply Depot  
  90  6:09  Refinery  
  90  6:10  Marine  
  90  6:11  Marine  
  93  6:13  Medivac  
  93  6:14  SCV  
  93  6:15  SCV  
  93  6:18  Viking  
  99  6:23  SCV  
  101  6:28  Marine  
  101  6:29  Marauder  
  101  6:30  SCV x2  
  101  6:31  Supply Depot  
  101  6:32  Supply Depot  
  105  6:35  Siege Tank  
  105  6:36  SCV  
  109  6:41  Barracks Reactor, Missile Turret, Barracks Tech Lab  
  109  6:42  SCV, Barracks Tech Lab  
  109  6:43  Supply Depot  
  109  6:44  Viking  
  109  6:45  Marine  
  113  6:49  SCV x2  
  115  6:54  SCV  
  115  6:59  Marauder, Marine, Refinery  
  119  7:01  SCV  
  119  7:02  SCV  
  119  7:04  Marauder x2  
  125  7:09  Engineering Bay, Armory  
  125  7:10  Viking  
  125  7:12  Siege Tank  
  132  7:17  Marine x3  
  132  7:19  Viking  
  135  7:23  Marine  
  135  7:25  Ghost Academy  
  135  7:27  Supply Depot, Marine  
  135  7:28  Supply Depot  
  135  7:29  Marine  
  138  7:31  Concussive Shells  
  138  7:35  SCV x3  
  140  7:39  Marine  
  141  7:49  Marine x3, Viking, Siege Tank  
  150  7:53  Viking  
  150  7:56  Bunker  
  150  7:57  Marine  
  154  7:58  Ghost x2  
  154  8:04  Ghost  
  157  8:08  Supply Depot  
  157  8:10  Marine x3  
  160  8:15  Marine, Terran Infantry Weapons Level 2  
  161  8:22  Supply Depot x2, Viking  
  161  8:23  Supply Depot x2  
  162  8:27  Marine  
  162  8:31  Marine x3  
  162  8:32  Siege Tank  
  162  8:34  Viking  
  171  8:38  Marine x2  
  173  8:44  Drilling Claws  
  174  8:55  Marine x2  
  174  8:56  Marauder x2, Marine x2, Terran Infantry Armor Level 2  
  174  8:57  Marauder  
  174  8:58  Terran Ship Weapons Level 1  
  182  9:09  Missile Turret  
  182  9:10  Missile Turret  
  182  9:11  Missile Turret  
  182  9:12  Missile Turret  
  182  9:13  Marine  
  178  9:17  Siege Tank  
  178  9:18  SCV  
  178  9:19  SCV  
  178  9:23  Marine x2  
  178  9:24  Marauder x2  
  184  9:25  Marine x2  
  179  9:33  Marine  
  180  9:40  Missile Turret  
  180  9:41  Marine x2  
  180  9:42  Missile Turret  
  182  9:45  Marine  
  182  9:46  Marine  
  186  9:52  Marine  
  186  9:53  Marauder x2  
  186  9:59  Marine  
  180  10:02  Medivac x2, Siege Tank  
  180  10:05  Marine x2  
  180  10:06  Marauder  
  191  10:08  Command Center  
  191  10:10  Marine  
  191  10:14  Marauder, Marine  
  194  10:17  Marine  
  192  10:23  Marine x2  
  192  10:27  Marine  
  192  10:28  Marine  
  195  10:31  Marine  
  195  10:32  Viking  
  198  10:39  Marauder, Marine  
  198  10:41  Marine  
  190  10:43  Marine  
  190  10:45  Marauder  
  190  10:46  Medivac, Marine, Siege Tank  
  191  10:51  Terran Infantry Weapons Level 3  
  173  10:57  Marine  
  173  10:58  Marine  
  173  11:03  Marine  
  173  11:04  Marauder, Marine  
  154  11:06  Marauder  
  154  11:10  Marine  
  131  11:15  Marine  
  131  11:16  Marauder  
  131  11:18  Siege Tank  
  119  11:24  Ghost  
  119  11:26  Marine x2  
  119  11:27  Ghost  
  119  11:28  Liberator x2, Enhanced Shockwaves  
  119  11:31  Marine  
  126  11:33  Marine  
  127  11:42  Ghost  
  127  11:44  Marine, Terran Infantry Armor Level 3  
  127  11:45  Marine  
  130  11:54  Planetary Fortress  
  130  11:56  Marine, Ghost  
  130  11:57  Marine  
  130  11:59  SCV  
  130  12:00  SCV, Sensor Tower  
  136  12:05  Siege Tank  
  139  12:11  SCV  
  139  12:12  Marine x2  
  139  12:13  Missile Turret  
  139  12:14  Marine x2  
  145  12:19  Sensor Tower  
  123  12:31  Marauder, Marine x2  
  123  12:32  Marauder  
  123  12:37  Marine x2  
  123  12:41  Medivac x2  
  130  12:46  Marauder  
  130  12:50  Marine  
  131  12:51  Marine  
  132  12:59  Marauder x2, Marine x2  
  132  13:03  Siege Tank  
  141  13:07  Marine  
  141  13:11  Liberator x2  
  141  13:12  Marine  
  148  13:15  Marine  
  148  13:17  Marine x2, Missile Turret  
  149  13:26  Marauder x3  
  155  13:30  Barracks x2, Marine  
  155  13:33  Marine  
  157  13:35  Marine x2  
  149  13:46  Ghost  
  149  13:47  Ghost  
  121  13:52  SCV x3  
  121  13:54  Marine x2  
  109  14:06  Marine x2  
  110  14:18  Barracks Tech Lab x2  
Show
View Real Time Build Order
Export as new Build Order

ShoWTimE Protoss - Winner!

Build Orders: 1 Gate Expand, Phoenix Opening, Colossus Rush 

Get SALT Encoding   

  12  0:00  Probe  
  13  0:12  Probe  
  14  0:16  Pylon  
  14  0:24  Probe  
  15  0:35  Gateway  
  15  0:36  Probe (Chrono Boost)  
  16  0:46  Assimilator, Probe (Chrono Boost)  
  17  0:51  Probe (Chrono Boost)  
  18  1:03  Probe  
  19  1:15  Probe  
  20  1:22  Cybernetics Core  
  20  1:33  Nexus  
  20  1:36  Probe  
  21  1:43  Pylon  
  21  1:48  Probe  
  21  1:51  Assimilator  
  22  1:59  Adept (Chrono Boost)  
  22  2:02  Probe  
  25  2:14  Probe  
  26  2:19  Adept (Chrono Boost)  
  28  2:26  Stargate  
  28  2:27  Probe  
  29  2:37  Warp Gate  
  29  2:41  Probe (Chrono Boost)  
  30  2:45  Adept  
  30  2:46  Probe (Chrono Boost)  
  33  2:55  Probe (Chrono Boost)  
  33  2:56  Probe (Chrono Boost)  
  35  3:00  Probe (Chrono Boost)  
  35  3:03  Probe  
  37  3:09  Phoenix  
  37  3:12  Probe  
  40  3:15  Probe  
  40  3:19  Gateway  
  41  3:21  Pylon  
  41  3:24  Probe  
  42  3:27  Probe  
  43  3:34  Phoenix  
  43  3:36  Probe (Chrono Boost)  
  43  3:38  Robotics Facility  
  47  3:45  Probe (Chrono Boost)  
  47  3:47  Pylon  
  47  3:48  Probe (Chrono Boost)  
  48  3:51  Assimilator  
  48  3:53  Probe x2 (Chrono Boost)  
  48  3:54  Assimilator  
  51  4:02  Probe (Chrono Boost)  
  51  4:08  Probe (Chrono Boost)  
  52  4:10  Pylon  
  52  4:14  Probe (Chrono Boost)  
  54  4:19  Probe x2 (Chrono Boost)  
  54  4:21  Nexus  
  55  4:26  Observer  
  55  4:28  Probe  
  55  4:29  Robotics Bay  
  55  4:30  Probe  
  58  4:34  Phoenix  
  60  4:40  Probe  
  60  4:42  Probe  
  62  4:47  Immortal (Chrono Boost)  
  62  4:49  Pylon  
  62  4:52  Probe  
  67  4:54  Probe  
  68  5:00  Phoenix  
  68  5:05  Pylon  
  70  5:07  Probe (Chrono Boost)  
  70  5:13  Probe (Chrono Boost)  
  72  5:14  Adept x2  
  72  5:18  Shield Battery  
  72  5:19  Probe (Chrono Boost)  
  78  5:21  Probe (Chrono Boost)  
  78  5:24  Colossus (Chrono Boost)  
  84  5:32  Probe x2  
  86  5:42  Forge x2  
  86  5:44  Probe (Chrono Boost)  
  86  5:48  Probe x2 (Chrono Boost)  
  89  5:54  Pylon  
  89  5:55  Probe (Chrono Boost)  
  92  6:00  Probe x2 (Chrono Boost)  
  92  6:01  Probe (Chrono Boost)  
  91  6:07  Colossus (Chrono Boost)  
  91  6:09  Probe x2  
  91  6:10  Probe  
  100  6:14  Protoss Ground Weapons Level 1 (Chrono Boost), Pylon  
  100  6:15  Twilight Council  
  100  6:23  Sentry  
  100  6:24  Protoss Ground Armor Level 1 (Chrono Boost), Sentry  
  104  6:27  Gateway  
  104  6:28  Gateway  
  104  6:30  Extended Thermal Lance (Chrono Boost)  
  104  6:31  Shield Battery  
  104  6:32  Assimilator  
  104  6:36  Assimilator  
  104  6:41  Gateway x2  
  104  6:42  Charge  
  104  6:47  Gateway  
  104  6:49  Gateway  
  104  6:57  Zealot x2  
  104  6:59  Colossus (Chrono Boost)  
  108  7:03  Photon Cannon  
  108  7:05  Pylon  
  108  7:06  Probe  
  108  7:07  Probe x2  
  117  7:13  Pylon  
  117  7:20  Pylon  
  117  7:22  Pylon  
  117  7:23  Pylon  
  117  7:25  Zealot x4, Templar Archives  
  125  7:38  Pylon  
  125  7:45  Nexus  
  125  7:47  Immortal  
  125  7:48  Pylon  
  129  7:54  Probe x3  
  130  8:01  High Templar x4  
  130  8:02  Zealot x4  
  130  8:04  Phoenix  
  146  8:06  Pylon, Probe  
  146  8:08  Archon x2, Photon Cannon  
  146  8:12  Probe  
  148  8:13  Pylon  
  148  8:14  Shield Battery, Probe  
  148  8:16  Protoss Ground Weapons Level 2 (Chrono Boost)  
  148  8:18  Protoss Ground Armor Level 2 (Chrono Boost), Probe  
  150  8:27  Blink  
  150  8:33  Probe x3  
  157  8:34  Disruptor (Chrono Boost)  
  156  8:42  Photon Cannon  
  156  8:46  Zealot x2  
  156  8:47  Zealot x3  
  166  8:54  Observer  
  166  8:56  Stalker x3  
  166  9:00  Disruptor (Chrono Boost)  
  172  9:08  Zealot x4  
  183  9:22  Stalker x4  
  185  9:26  Disruptor (Chrono Boost)  
  178  9:39  Zealot x4  
  186  9:50  Zealot  
  186  9:51  Zealot x3  
  192  9:54  Disruptor  
  189  10:04  Zealot x4  
  197  10:13  Zealot x2  
  197  10:14  Zealot  
  193  10:26  Zealot x5  
  193  10:29  Protoss Ground Armor Level 3 (Chrono Boost)  
  193  10:30  Protoss Ground Weapons Level 3 (Chrono Boost), Disruptor (Chrono Boost)  
  193  10:31  Gateway  
  193  10:34  Gateway  
  181  10:36  Gateway  
  181  10:38  Pylon  
  181  10:40  Zealot x3  
  167  10:46  Robotics Facility  
  167  10:49  Zealot x5  
  163  10:57  Disruptor (Chrono Boost)  
  163  11:03  Zealot x3  
  151  11:05  Observer  
  125  11:15  Zealot x5  
  125  11:20  Probe x2  
  125  11:24  Assimilator  
  127  11:26  Assimilator  
  127  11:28  High Templar x3  
  127  11:29  High Templar  
  127  11:30  Disruptor (Chrono Boost)  
  127  11:32  Archon, Photon Cannon  
  138  11:33  Archon  
  138  11:34  Photon Cannon  
  138  11:36  Shield Battery  
  138  11:37  Nexus  
  138  11:38  Pylon, Stalker  
  138  11:39  Stalker x6  
  154  11:49  Warp Prism (Chrono Boost)  
  153  11:58  Pylon  
  153  12:03  Stalker x4  
  153  12:04  Stalker x2, Zealot x4  
  153  12:08  Disruptor  
  176  12:16  Probe x4  
  178  12:28  Probe x2  
  178  12:29  Disruptor  
  156  12:42  Zealot x11  
  162  12:50  Dark Shrine  
  162  12:57  Disruptor  
  165  13:02  Stalker x3  
  165  13:04  High Templar x6  
  165  13:05  Zealot  
  185  13:08  Archon x2  
  185  13:09  Archon  
  181  13:31  Zealot  
  181  13:32  Zealot x4, Photon Cannon  
  191  13:34  Shield Battery  
  191  13:36  Zealot x4  
  191  13:47  Disruptor  
  174  13:55  Zealot x7  
  182  13:56  Zealot x2  
  182  14:02  Zealot x2  
  180  14:15  Stalker x5  
  190  14:20  Zealot x3  
  192  14:24  Nexus  

Tags
 
Add a new tag
Caveats
  • Supply blocks, unpowered buildings, or Contaminate may cause inaccurate times.
  • Supply counts are checked every 10 seconds.